 Dungeon Crawl Stone Soup version 0.18-a0-1774-gce1f7b6 (webtiles) character file.

490 epen the Slasher (level 7, -4/60 HPs)
             Began as a Naga Gladiator on Apr 15, 2016.
             Slain by a slave (6 damage)
             ... led by Pikel
             ... on level 4 of the Dungeon.
             The game lasted 00:08:34 (4628 turns).

epen the Slasher (Naga Gladiator)                   Turns: 4628, Time: 00:08:35

Health: -4/60      AC:  7    Str: 25    XL:     7   Next: 14%
Magic:  7/7        EV:  9    Int:  8    God:
Gold:   181        SH:  0    Dex: 12    Spells: 0 memorised, 6 levels left

rFire  . . .     SeeInvis +     s - -2 long sword (curse)
rCold  + . .     Gourm    .     p - +1 scale mail
rNeg   . . .     Faith    .     (no shield)
rPois  +         Spirit   .     c - +0 helmet
rElec  .         Dismiss  .     (no cloak)
rCorr  .         Reflect  .     (no gloves)
SustAt .         Harm     .     (no barding)
MR     .....     Rnd*Rage +     (no amulet)
Stlth  ++........               (no ring)
                                h - +4 ring of strength

@: short of breath, very slow, not resistant to hostile enchantments, unstealthy
A: see invisible, berserk 1, cold resistance 1, deformed body, poison
resistance, slowness 2, slow metabolism 1, spit poison 2, strong 1, AC +2
a: Spit Poison


You were on level 4 of the Dungeon.
You were very hungry.

You visited 1 branch of the dungeon, and saw 4 of its levels.

You collected 181 gold pieces.

Inventory:

Hand Weapons
 a - a +0 long sword
 e - a +2 dagger of speed
 g - a +2 short sword of holy wrath
 s - a cursed -2 long sword (weapon)
 t - a +1 scythe of venom
Missiles
 d - 3 throwing nets (quivered)
Armour
 b - a +0 leather armour
 c - a +0 helmet (worn)
 p - a +1 scale mail (worn)
Jewellery
 h - a +4 ring of strength (left hand)
Scrolls
 j - 2 scrolls of amnesia
 k - 2 scrolls of teleportation
Potions
 i - a potion of cancellation {unknown}
 l - a potion of degeneration {unknown}
 m - a potion of agility
 r - a potion of lignification
 v - a potion of brilliance {unknown}
Books
 q - a book of Geomancy

   Spells                             Type                      Level
   a - Sandblast                      Earth                        1
   b - Passwall                       Transmutation/Earth          2
   c - Stone Arrow                    Conjuration/Earth            3
   d - Petrify                        Transmutation/Earth          4
   e - Lee's Rapid Deconstruction     Earth                        5
Comestibles
 f - 2 bread rations
 n - 2 meat rations
 o - a slice of pizza


   Skills:
 - Level 2.0 Fighting
 * Level 5.5 Long Blades
 - Level 1.7 Throwing
 * Level 4.4 Dodging
 + Level 4.7 Stealth


You had 6 spell levels left.
You didn't know any spells.

Dungeon Overview and Level Annotations

Branches:
Dungeon (4/15)
 Temple: D:4-7

Altars:
Ashenzari
Cheibriados
Nemelex Xobeh

Annotations:
D:4 Menkaure, Pikel


Innate Abilities, Weirdness & Mutations

You cannot wear boots.
Your serpentine skin is tough (AC +2).
You have supernaturally acute eyesight.
Armour fits poorly on your strangely shaped body.
Your system is resistant to poisons.
You cover ground very slowly.
You have a slow metabolism.
You can spit poison.
You tend to lose your temper in combat.
Your flesh is cold resistant.
Your muscles are strong. (Str +2)


Message History

Aim: a slave, wearing an animal skin (severely wounded)
The splash of poison misses the slave.
You feel slightly more hungry. The slave hits you.
* * * LOW HITPOINT WARNING * * *
You closely miss the slave.
The slave is severely wounded.
The slave hits you.
* * * LOW HITPOINT WARNING * * *
Your scale mail prevents you from hitting the slave.
The slave is severely wounded.
You have got your breath back.
The slave completely misses you.
Press: ? - help, Shift-Dir - straight line, f/p - slave
Aim: a slave, wearing an animal skin (severely wounded)
The splash of poison misses the slave.
You feel slightly more hungry. The slave hits you but does no damage.
You hit the slave but do no damage.
The slave is severely wounded.
The slave hits you.
You die...

..........#.#
#.##......#.# #
###.....#.# #
..)...)...######
.................#
#########.######.## #
#...# #..###### # #.#.#
#........ #.#.#
###@###≈###
######.#.####.p.# ≈#h
#...#.........###.#≈#.#
#........####.....#≈# .
#...#........(###.#≈#
##.##).######...# ≈#
... ##.# ###.# #.# #.#
.o. ### #M #.# ..#.. ##
#..


You could see a slave.

Vanquished Creatures
  Sigmund (D:2)
  2 slaves (D:4)
  A howler monkey (D:4)
  An orc priest (D:4)
  3 orc wizards
  An iguana (D:4)
  5 adders
  A worm (D:3)
  3 dart slugs (D:1)
  5 giant geckos
  15 orcs
  8 giant cockroaches
  9 goblins
  8 hobgoblins
  7 kobolds
  2 quokkas (D:4)
  2 ball pythons (D:1)
  11 bats
  4 giant newts
  12 rats
101 creatures vanquished.

Notes
Turn   | Place    | Note
--------------------------------------------------------------
     0 | D:1      | epen the Naga Gladiator began the quest for the Orb.
     0 | D:1      | Reached XP level 1. HP: 19/19 MP: 1/1
    63 | D:1      | Reached XP level 2. HP: 24/26 MP: 2/2
    94 | D:1      | Reached skill level 1 in Stealth
   260 | D:1      | Reached XP level 3. HP: 22/32 MP: 3/3
  1171 | D:2      | Reached XP level 4. HP: 28/39 MP: 4/4
  1372 | D:2      | Reached skill level 4 in Long Blades
  1998 | D:2      | Noticed Sigmund
  2008 | D:2      | Killed Sigmund
  2008 | D:2      | Reached XP level 5. HP: 26/45 MP: 5/5
  2008 | D:2      | Reached XP level 6. HP: 30/52 MP: 6/6
  2224 | D:2      | Found a snail-covered altar of Cheibriados.
  2382 | D:3      | Reached skill level 5 in Long Blades
  2882 | D:3      | Gained mutation: You tend to lose your temper in combat. [potion of mutation]
  2882 | D:3      | Gained mutation: Your flesh is cold resistant. [potion of mutation]
  2882 | D:3      | Gained mutation: Your muscles are strong. (Str +2) [potion of mutation]
  3356 | D:4      | Noticed a black bear
  3734 | D:4      | Found a shattered altar of Ashenzari.
  3785 | D:4      | HP: 2/52 [iguana (5)]
  4164 | D:4      | Reached XP level 7. HP: 40/60 MP: 7/7
  4275 | D:4      | Found a sparkling altar of Nemelex Xobeh.
  4511 | D:4      | Noticed Menkaure
  4584 | D:4      | Noticed Pikel
  4625 | D:4      | HP: 2/60 [slave[Pikel] (5)]
  4628 | D:4      | Slain by a slave

Vault maps used:
D:1:      eino_arrival_cavern_a, st_stairs_4
D:2:      lemuel_doored_altar, uniq_sigmund
D:3:      first_bread
D:4:      nemelex_xobeh_ov_fountains_minmay, serial_shops,
          nicolae_shop_waterfront, grunt_decor_cap, evilmike_ruin_ashenzari,
          uniq_pikel, uniq_menkaure

Skill      XL: |  1  2  3  4  5  6 |
---------------+-------------------+-----
Stealth        | 1 2 3 4 |  4.7
Dodging        | 3 4 |  4.4
Long Blades    | 4 5 |  5.5
Fighting       | |  2.0
Throwing       | |  1.7

Action                   |  1- 3 |  4- 6 |  7- 9 || total
-------------------------+-------+-------+-------++-------
Melee: Long sword        |    19 |    93 |    52 ||   164
       Short sword       |    94 |    56 |       ||   150
       Scythe            |       |    55 |       ||    55
 Abil: Spit Poison       |       |     9 |     8 ||    17
  Use: Scroll            |       |     6 |     1 ||     7
       Potion            |       |     2 |       ||     2
 Stab: Sleeping          |     2 |     1 |       ||     3
       Distracted        |       |     2 |       ||     2
  Eat: Chunk             |       |     9 |     1 ||    10
Armor: Leather armour    |    46 |    22 |       ||    68
       Scale mail        |       |    91 |    22 ||   113
Dodge: Dodged            |    61 |   119 |    29 ||   209
